 Dungeon Crawl Stone Soup version 0.22.1-1-ga44c0e5 (webtiles) character file.

2653 kaesh the Blocker (level 9, -10/73 HPs)
             Began as a Formicid Fighter on Oct 20, 2018.
             Was a Priest of Cheibriados.
             Mangled by an orc warrior
             ... wielding a +0 long sword
              (15 damage)
             ... on level 7 of the Dungeon.
             The game lasted 00:15:10 (5902 turns).

kaesh the Blocker (Formicid Fighter)                Turns: 5902, Time: 00:15:11

Health: -10/73     AC: 11    Str: 32    XL:     9   Next: 93%
Magic:  8/9        EV: 12    Int: 16    God:    Cheibriados [***...]
Gold:   180        SH: 14    Dex: 18    Spells: 8/8 levels left

rFire    . . .     SeeInvis +   r - +3 battleaxe
rCold    . . .     Gourm    .   c - +1 shield
rNeg     . . .     Faith    .   q - +0 chain mail
rPois    .         Spirit   .   (helmet unavailable)
rElec    .         Reflect  .   (no cloak)
rCorr    .         Harm     .   (no gloves)
MR       .....                  (no boots)
Stlth    ..........             (no amulet)
HPRegen  0.22/turn              g - +1 ring of protection
MPRegen  0.11/turn              (no ring)

@: very slow
A: permanent stasis, dig shafts and tunnels, four strong arms, antennae 3
a: Dig, Shaft Self, Bend Time, Temporal Distortion, Renounce Religion


You were on level 7 of the Dungeon.
You worshipped Cheibriados.
Cheibriados was most pleased with you.
You were not hungry.

You visited 2 branches of the dungeon, and saw 8 of its levels.
You also visited: Ossuary.

You collected 180 gold pieces.

Inventory:

Hand Weapons
 r - a +3 battleaxe (weapon)
Armour
 c - a +1 shield (worn)
 q - a +0 chain mail (worn)
Jewellery
 g - a +1 ring of protection (left hand)
Wands
 l - a wand of iceblast (5)
 p - a wand of paralysis (15)
Scrolls
 e - 2 scrolls of fog
 h - 6 scrolls of identify
 k - 4 scrolls of teleportation
 o - 3 scrolls of fear
Potions
 b - 3 potions of curing
 d - a potion of might
 i - 2 potions of berserk rage
 j - 3 potions of agility
 n - a potion of resistance
Miscellaneous
 m - a box of beasts
Comestibles
 f - 9 rations


   Skills:
 + Level 7.7 Fighting
 + Level 8.8 Axes
 + Level 7.5 Armour
 + Level 4.9 Dodging
 + Level 8.8 Shields


You had 8 spell levels left.
You didn't know any spells.
Your spell library contained the following spells:

 Spells                   Type           Power        Failure   Level  Hunger
 Summon Butterflies       Summ           #.......     71%         1    ##.....


Dungeon Overview and Level Annotations

Branches:
Dungeon (7/15)             Temple (1/1) D:4

Altars:
Cheibriados
Dithmenos
Elyvilon
Fedhas
Gozag
Kikubaaqudgha
Makhleb
Nemelex Xobeh
Okawaru
Qazlal
Ru
Sif Muna
Uskayaw
Vehumet
Zin
The Shining One


Innate Abilities, Weirdness & Mutations

You cannot be hasted, slowed, berserked, paralysed or teleported.
You can dig through walls and to a lower floor.
Your four strong arms can wield two-handed weapons with a shield.
You have a pair of large antennae on your head. (SInv)


Message History

The orc warrior is severely wounded.
You closely miss the orc warrior. The orc warrior barely misses you.
You block the orc warrior's attack.
You barely miss the orc warrior.
The orc warrior is severely wounded.
You closely miss the orc warrior.
The orc warrior hits you with a trident.
* * * LOW HITPOINT WARNING * * *
The orc warrior closely misses you.
You closely miss the orc warrior.
The orc warrior is severely wounded.
You completely miss the orc warrior. You block the orc warrior's attack.
The orc warrior hits you with a long sword!
* * * LOW HITPOINT WARNING * * *
You slash the orc warrior!
You kill the orc warrior!
Cheibriados appreciates the change of pace.
You barely miss the orc warrior.
The orc warrior hits you with a long sword!
You die...

## ${ .
{{########.
{ #........
........#
........#
#.....)o# {
#######@#
+...)...# {
#...))..#
#.......#{
######### {
{


You could see an orc warrior.

Vanquished Creatures
  Menkaure (D:6)
  3 sky beasts
  5 orc warriors
  A phantom (D:4)
  An ogre (D:5)
  2 centaurs
  A bullfrog (D:6)
  5 water moccasin zombies (Ossuary)
  A scorpion (D:5)
  5 wights (D:6)
  A howler monkey (D:5)
  A crimson imp (D:6)
  A centaur zombie (D:6)
  A bullfrog zombie (D:5)
  A centaur skeleton (D:5)
  2 hounds (D:4)
  An iguana (D:6)
  5 orc wizards
  A bullfrog skeleton (D:6)
  5 worker ants
  A hound zombie (D:5)
  2 mummies (Ossuary)
  4 gnolls (D:4)
  9 adders
  2 oozes
  7 adder zombies
  A worm (D:4)
  3 dart slugs
  6 leopard geckos
  12 orcs
  3 ball pythons
  5 bats
  8 giant cockroaches
  4 gnoll zombies (Ossuary)
  6 goblins
  7 hobgoblins
  8 jackals
  4 kobolds
  4 quokkas
  7 frilled lizards
  3 hobgoblin zombies (Ossuary)
  8 kobold zombies (Ossuary)
  4 orc zombies (Ossuary)
  A quokka skeleton (D:6)
  3 rats
166 creatures vanquished.

Vanquished Creatures (others)
  A worker ant (D:4)
  A dart slug (D:3)
2 creatures vanquished.

Grand Total: 168 creatures vanquished

Notes
Turn   | Place    | Note
-------+----------+-------------------------------------------
     0 | D:1      | kaesh the Formicid Fighter began the quest for the Orb.
     0 | D:1      | Reached XP level 1. HP: 18/18 MP: 1/1
    34 | D:1      | Reached XP level 2. HP: 24/24 MP: 2/2
   295 | D:1      | Reached XP level 3. HP: 27/29 MP: 3/3
   675 | D:2      | Reached XP level 4. HP: 35/36 MP: 4/4
   682 | D:2      | Reached skill level 5 in Axes
   682 | D:2      | Reached XP level 5. HP: 47/47 MP: 5/5
  1590 | D:3      | Reached XP level 6. HP: 53/53 MP: 6/6
  1834 | D:3      | Found a radiant altar of Vehumet.
  2030 | D:4      | Noticed a phantom
  2042 | D:4      | Killed a phantom
  2045 | D:4      | Found an ancient bone altar of Kikubaaqudgha.
  2698 | D:4      | Reached XP level 7. HP: 58/59 MP: 7/7
  2910 | D:4      | Found a staircase to the Ecumenical Temple.
  2939 | Temple   | Entered the Ecumenical Temple
  3142 | Temple   | Became a worshipper of Cheibriados the Contemplative
  3630 | D:5      | Entered Level 5 of the Dungeon
  3807 | D:5      | Found a sacrificial altar of Ru.
  3878 | D:5      | Reached XP level 8. HP: 21/67 MP: 8/8
  4168 | D:5      | Reached * piety under Cheibriados
  4279 | D:5      | Found a burning altar of Makhleb.
  4620 | D:6      | Noticed Menkaure
  4633 | D:6      | Killed Menkaure
  4823 | D:6      | Found a sand-covered staircase.
  4828 | Ossuary  | Entered an ossuary
  4895 | Ossuary  | Reached ** piety under Cheibriados
  4998 | Ossuary  | Reached XP level 9. HP: 61/72 MP: 9/9
  5198 | D:6      | Found a deep blue altar of Sif Muna.
  5221 | D:6      | Found a glowing golden altar of the Shining One.
  5238 | D:6      | Reached *** piety under Cheibriados
  5701 | D:6      | Identified Sif Muna's Guide on the Escort
  5902 | D:7      | Mangled by an orc warrior

Skill      XL: |  1  2  3  4  5  6  7  8  9 |
---------------+----------------------------+-----
Shields        | 4 7 8 |  8.8
Fighting       | 6 7 |  7.7
Axes           | 5 6 7 8 |  8.8
Armour         | 6 7 |  7.5
Dodging        | 4 |  4.9

Action                   |  1- 3 |  4- 6 |  7- 9 || total
-------------------------+-------+-------+-------++-------
Melee: War axe           |    87 |   130 |   350 ||   567
       Battleaxe         |       |       |    34 ||    34
Invok: Bend Time         |       |       |     1 ||     1
 Abil: Dig               |       |       |     1 ||     1
  Use: Scroll            |     3 |     5 |     3 ||    11
       Potion            |     1 |     6 |     5 ||    12
 Stab: Invisible         |       |     1 |       ||     1
       Paralysed         |       |       |     1 ||     1
  Eat: Chunk             |       |     2 |     6 ||     8
       Ration            |       |     1 |     1 ||     2
Armor: Scale mail        |    39 |    27 |    32 ||    98
       Skin              |     3 |       |       ||     3
       Chain mail        |       |       |    54 ||    54
Dodge: Dodged            |    38 |    53 |   121 ||   212
Block: Shield            |    53 |    70 |   232 ||   355
